 Dungeon Crawl Stone Soup version 0.30.0-15-g856e2d3f33 (webtiles) character file.

Game seed: 8497002110068518569

13433 qw the Cleaver (level 12, -9/77 HPs)
             Began as a Gargoyle Cinder Acolyte on May 18, 2023.
             Was a Priest of Okawaru.
             Mangled by a yak (11 damage)
             ... on level 2 of the Lair of Beasts.
             The game lasted 00:06:51 (10046 turns).

qw the Cleaver (Gargoyle Cinder Acolyte)           Turns: 10046, Time: 00:06:51

Health: -9/77      AC: 25    Str: 21    XL:     12   Next: 6%
Magic:  15/15      EV:  6    Int: 17    God:    Okawaru [***...]
Gold:   290        SH:  9    Dex:  5    Spells: 13/13 levels left

rFire   . . .        Y - +0 broad axe
rCold   . . .        g - +0 buckler
rNeg    + . .        e - +0 plate armour
rPois   inf          (no helmet)
rElec   +            (no cloak)
rCorr   .            n - +0 pair of gloves
SInv    .            h - +0 pair of boots
Will    +....        s - amulet of reflection Stlth
                     d - ring of willpower
HPRegen 0.32/turn    (no ring)
MPRegen 0.14/turn

%: reflection
@: about to teleport, fire susceptible
A: sickness immunity, AC +8, negative energy resistance 1, electricity
resistance, torment resistance 1, petrification resistance
a: Renounce Religion, Heroism


You were on level 2 of the Lair of Beasts.
You worshipped Okawaru.
Okawaru was most pleased with you.
You visited 3 branches of the dungeon, and saw 11 of its levels.
You also visited: Ossuary.

You collected 557 gold pieces.
You spent 267 gold pieces at shops.


Innate Abilities, Weirdness & Mutations

You are immune to sickness and miasma.
Your stone body is resilient. (AC +8)
You are immune to poison.
You resist negative energy. (rN+)
You are resistant to electric shocks. (rElec)
You are resistant to unholy torment.
You are immune to petrification.


   Skills:
 - Level 10.0 Fighting
 + Level 12.1 Axes
 - Level 1.6 Throwing
 - Level 9.0 Armour
 - Level 1.2 Dodging
 - Level 6.1 Shields
 - Level 1.0 Spellcasting
 - Level 3.0 Fire Magic
 - Level 4.5 Invocations


You had 13 spell levels left.
You didn't know any spells.
Your spell library contained the following spells:

 Spells                   Type           Power      Damage    Failure   Level
 Scorch                   Fire           22%        2d5       88%         2

Inventory:

Hand Weapons
 l - a +0 war axe of flaming
 Y - a +0 broad axe (weapon)
Missiles
 a - a boomerang (quivered)
Armour
 e - a +0 plate armour (worn)
 g - a +0 buckler (worn)
 h - a +0 pair of boots (worn)
 n - a +0 pair of gloves (worn)
Jewellery
 d - a ring of willpower (left hand)
 m - a ring of ice
 s - an amulet of reflection (around neck)
Scrolls
 b - 2 scrolls of identify
 o - 2 scrolls of teleportation
Potions
 c - 2 potions of might
 i - a potion of cancellation
 j - 3 potions of curing
 k - a potion of heal wounds
 q - a potion of haste
 r - 2 potions of mutation

Dungeon Overview and Level Annotations

Branches:
Dungeon (8/15)             Temple (1/1) D:7            Lair (2/5) D:8
Ossuary (visited)
  Swamp: Lair:2-3    Shoals: Lair:2-3     Snake: Lair:2-3    Spider: Lair:2-3

Altars:
Ashenzari
Cheibriados
Dithmenos
Elyvilon
Fedhas
Gozag
Hepliaklqana
Kikubaaqudgha
Makhleb
Okawaru
Ru
Sif Muna
Trog
Uskayaw
Vehumet
Wu Jian
Xom
Yredelemnul
Zin
The Shining One

Shops:
D:2 (   D:6 ?:((

Annotations:
Lair:2 Urug


Message History

Okawaru accepts your kill.
You closely miss the yak. You slash the komodo dragon!
You hit the yak but do no damage.
The komodo dragon bites you but does no damage.
You hit the yak but do no damage.
The yak is heavily wounded.
You slash the yak! You slash the komodo dragon! You block Urug's attack.
The yak gores you but does no damage. You block the yak's attack.
You block the komodo dragon's attack.
You closely miss the yak.
The yak is severely wounded.
You hit the komodo dragon. You hit the yak but do no damage. The yak gores you.
Urug hits you but does no damage. The yak gores you.
You slice the yak!!
You kill the yak!
Okawaru accepts your kill.
You hit the komodo dragon but do no damage.
You slash the yak! The komodo dragon barely misses you.
Urug hits you from afar with a +2 demon trident of draining!!
Your base Fighting skill increases to level 10!
You closely miss the yak.
The yak is severely wounded.
You slash the yak! You hit the komodo dragon.
The komodo dragon bites you but does no damage.
You slice the komodo dragon!!
You kill the komodo dragon!
Okawaru accepts your kill.
Okawaru will now gift you throwing weapons as you gain piety.
You hit the yak but do no damage. You barely miss the yak.
You feel like a meek peon again. The yak gores you!
The yak gores you but does no damage. You block Urug's attack.
10046 ||| READING 3 scrolls of teleportation.
As you read the scroll of teleportation, it crumbles to dust.
You feel strangely unstable.
Urug roars.
Urug hits you from afar with a +2 demon trident of draining!
The yak gores you!
You die...

.........#
#.......##
#........#
#.......##
#.......##
#........#
.........#
#.....%..#
.....DY@.#
#.....YY##
......o..# .
........... .
............. .
...............
.
..............o
.
...............
.
...........^...
.


You could see Urug, 3 yaks and a steam dragon.

Vanquished Creatures
  A hydra (Lair:1)
  2 black mambas (Lair:1)
  3 cane toads
  2 komodo dragons
  A kobold demonologist (D:8)
  3 polar bears (Lair:1)
  5 blink frogs (Lair:1)
  A wyvern (Lair:2)
  A basilisk (D:7)
  Eustachio (D:3)
  13 yaks
  2 steam dragons (D:7)
  An acid dragon (D:8)
  10 water moccasins
  2 hornet zombies (Ossuary)
  2 orc warriors
  A sky beast (D:7)
  2 ice beasts (D:6)
  A black bear (D:4)
  2 ogres
  4 wolves (Lair:2)
  A phantom (D:7)
  A centaur (D:8)
  17 kobold brigands
  Blork the orc (D:4)
  8 bullfrogs
  A wyvern zombie (Ossuary)
  4 scorpions
  A water moccasin zombie (Ossuary)
  9 bullfrog zombies (Ossuary)
  4 centaur zombies (Ossuary)
  A gnoll bouda (D:7)
  2 hounds (D:5)
  A human zombie (D:7)
  6 orc priests
  3 human skeletons (D:7)
  Natasha (thrice) (D:2)
  A sleepcap (D:5)
  4 iguanas
  10 orc wizards
  A statue (D:5)
  A killer bee zombie (Ossuary)
  12 mummies (Ossuary)
  3 howler monkey zombies (Ossuary)
  9 adders
  10 gnolls
  2 shadow imps
  A white imp (D:6)
  3 ufetubi
  A worm (D:2)
  3 dart slugs
  28 orcs
  3 ball pythons
  6 endoplasms
  3 giant cockroaches
  3 hobgoblins
  5 quokkas
  A bat (D:2)
  2 frilled lizards (D:1)
  9 goblins
  21 kobolds
  2 orc skeletons (D:7)
  2 rats
269 creatures vanquished.

Vanquished Creatures (others)
  An orc priest (D:7)
1 creature vanquished.

Grand Total: 270 creatures vanquished

Notes
Turn   | Place    | Note
-------+----------+-------------------------------------------
     0 | D:1      | qw the Gargoyle Cinder Acolyte began the quest for the Orb.
     0 | D:1      | Reached XP level 1. HP: 14/14 MP: 2/2
     0 | D:1      | 0 ||| qw: Version: 0.2-a-95-gc95f03d
     0 | D:1      | 0 ||| qw: Game counter: 63
     0 | D:1      | 0 ||| qw: Always use a shield: true
     0 | D:1      | 0 ||| qw: God list: Okawaru
     0 | D:1      | 0 ||| qw: Allow faded altars: false
     0 | D:1      | 0 ||| qw: Do Orc after D:15 true
     0 | D:1      | 0 ||| qw: Do second Lair branch before Depths: true
     0 | D:1      | 0 ||| qw: Lair rune preference: random
     0 | D:1      | 0 ||| qw: Plans: Normal
     0 | D:1      | 0 ||| PLANNING D:1-11
    96 | D:1      | Reached skill level 3 in Axes
    98 | D:1      | 98 ||| INVOKING Fiery Armour.
    99 | D:1      | Reached XP level 2. HP: 9/19 MP: 3/3
   160 | D:1      | 160 ||| Stepping ~*~*~tactically~*~*~ (stealth).
   697 | D:1      | 697 ||| UPGRADING to +0 plate armour.
   707 | D:1      | 707 ||| DROPPING +0 robe.
   708 | D:1      | 708 ||| UPGRADING to +0 buckler.
   713 | D:1      | 713 ||| UPGRADING to +0 pair of boots.
   718 | D:1      | 718 ||| READING scroll labelled VATORPHAPHEI.
   719 | D:1      | 719 ||| READING scroll labelled KUSTUR UCAONWA.
   720 | D:1      | 720 ||| DRINKING 2 pink potions.
   761 | D:2      | Found a bloodstained altar of Trog.
   769 | D:2      | Reached skill level 1 in Armour
   769 | D:2      | Reached XP level 3. HP: 23/23 MP: 4/4
   963 | D:2      | 963 ||| Stepping ~*~*~tactically~*~*~ (hiding).
   966 | D:2      | 966 ||| Stepping ~*~*~tactically~*~*~ (hiding).
   967 | D:2      | 967 ||| Stepping ~*~*~tactically~*~*~ (hiding).
  1045 | D:2      | Found Ryusm's Weapon Shoppe.
  1049 | D:2      | Noticed Natasha
  1054 | D:2      | Killed Natasha
  1055 | D:2      | Reached XP level 4. HP: 28/28 MP: 5/5
  1076 | D:2      | Noticed Natasha
  1085 | D:2      | HP: 5/28 [Natasha (7)]
  1086 | D:2      | 1086 ||| INVOKING Fiery Armour.
  1088 | D:2      | Killed Natasha
  1196 | D:2      | Noticed Natasha
  1197 | D:2      | 1197 ||| Stepping ~*~*~tactically~*~*~ (hiding).
  1203 | D:2      | Killed Natasha
  1204 | D:2      | Reached skill level 4 in Axes
  1413 | D:2      | Reached XP level 5. HP: 32/32 MP: 6/6
  1490 | D:2      | Found a faded altar of an unknown god.
  1599 | D:2      | 1599 ||| READING 4 scrolls labelled SEGOYTHUADD.
  1600 | D:2      | 1600 ||| READING 3 scrolls of identify.
  1600 | D:2      | 1600 ||| IDENTIFYING fuming pink potion
  1601 | D:2      | 1601 ||| READING 2 scrolls of identify.
  1601 | D:2      | 1601 ||| IDENTIFYING grey potion
  1602 | D:2      | 1602 ||| DROPPING potion of attraction.
  1603 | D:2      | 1603 ||| DROPPING 3 scrolls of poison.
  1604 | D:2      | 1604 ||| DROPPING potion of lignification.
  2015 | D:3      | Found an opulent altar of Gozag.
  2026 | D:3      | Found an ancient bone altar of Kikubaaqudgha.
  2036 | D:3      | 2036 ||| READING scroll labelled CALAUJ SERATZI.
  2037 | D:3      | 2037 ||| DRINKING 2 clear potions.
  2272 | D:3      | 2272 ||| Stepping ~*~*~tactically~*~*~ (hiding).
  2275 | D:3      | 2275 ||| Stepping ~*~*~tactically~*~*~ (hiding).
  2705 | D:3      | Noticed an ogre
  2706 | D:3      | 2706 ||| Stepping ~*~*~tactically~*~*~ (stealth).
  2713 | D:3      | 2713 ||| INVOKING Fiery Armour.
  2714 | D:3      | HP: 1/32 [ogre/+0 giant spiked club (12)]
  2718 | D:3      | Killed an ogre
  2719 | D:3      | Reached skill level 5 in Axes
  2719 | D:3      | Reached XP level 6. HP: 2/37 MP: 7/7
  3045 | D:3      | 3045 ||| DRINKING 2 silvery potions.
  3046 | D:3      | 3046 ||| DRINKING potion of curing.
  3046 | D:3      | 3046 ||| (to cure confusion)
  3047 | D:3      | 3047 ||| DROPPING potion of ambrosia.
  3084 | D:3      | 3084 ||| Stepping ~*~*~tactically~*~*~ (hiding).
  3292 | D:3      | 3292 ||| Stepping randomly (stuck).
  3444 | D:4      | 3444 ||| INVOKING Fiery Armour.
  3456 | D:4      | Reached skill level 3 in Armour
  3460 | D:4      | Noticed Eustachio
  3465 | D:4      | 3465 ||| Stepping ~*~*~tactically~*~*~ (hiding).
  3466 | D:4      | 3466 ||| STAIRDANCE
  3548 | D:4      | 3548 ||| STAIRDANCE
  3559 | D:3      | Killed Eustachio
  3560 | D:3      | Reached XP level 7. HP: 35/44 MP: 8/8
  3885 | D:4      | Found a blossoming altar of Fedhas.
  3896 | D:4      | 3896 ||| Stepping ~*~*~tactically~*~*~ (stealth).
  3905 | D:4      | 3905 ||| Stepping ~*~*~tactically~*~*~ (stealth).
  3907 | D:4      | 3907 ||| Stepping ~*~*~tactically~*~*~ (hiding).
  4005 | D:4      | Found a shimmering altar of Xom.
  4027 | D:4      | 4027 ||| Stepping ~*~*~tactically~*~*~ (stealth).
  4039 | D:4      | Reached skill level 6 in Axes
  4174 | D:4      | Noticed Blork the orc
  4188 | D:4      | Killed Blork the orc
  4189 | D:4      | Reached skill level 3 in Shields
  4432 | D:4      | 4432 ||| UPGRADING to amulet of regeneration.
  4437 | D:4      | 4437 ||| READING scroll labelled ICWEIPAOME.
  4438 | D:4      | 4438 ||| READING scroll labelled IMUNLEOTUPS.
  4439 | D:4      | 4439 ||| READING 3 scrolls of identify.
  4439 | D:4      | 4439 ||| IDENTIFYING green potion
  4440 | D:4      | 4440 ||| READING 2 scrolls of identify.
  4440 | D:4      | 4440 ||| IDENTIFYING sapphire potion
  4441 | D:4      | 4441 ||| DROPPING potion of flight.
  4466 | D:5      | Entered Level 5 of the Dungeon
  4467 | D:5      | 4467 ||| Stepping ~*~*~tactically~*~*~ (hiding).
  4475 | D:5      | 4475 ||| INVOKING Fiery Armour.
  4481 | D:5      | Reached XP level 8. HP: 26/48 MP: 9/9
  4659 | D:5      | Reached skill level 7 in Axes
  4699 | D:5      | Reached skill level 1 in Throwing
  4744 | D:5      | 4744 ||| INVOKING Fiery Armour.
  4977 | D:5      | Found a radiant altar of Vehumet.
  4978 | D:5      | 4978 ||| INVOKING Fiery Armour.
  5122 | D:5      | 5122 ||| UPGRADING to +0 pair of gloves.
  5127 | D:5      | 5127 ||| UPGRADING to ring of willpower.
  5128 | D:5      | 5128 ||| READING scroll labelled FEIBBA YREDA.
  5129 | D:5      | 5129 ||| READING scroll labelled BOXECE LUHIPP.
  5130 | D:5      | 5130 ||| DRINKING 3 sedimented green potions.
  5131 | D:5      | 5131 ||| DRINKING 2 emerald potions.
  5132 | D:5      | 5132 ||| DROPPING potion of degeneration.
  5159 | D:6      | Noticed a +0 giant spiked club
  5159 | D:6      | Noticed a +0 great mace
  5159 | D:6      | Found Meiro's Weapon Emporium.
  5171 | D:6      | 5171 ||| BUYING +0 war axe of flaming (99 gold).
  5171 | D:6      | Bought a +0 war axe of flaming for 99 gold pieces
  5171 | D:6      | 5171 ||| SWAPPING to +0 war axe of flaming.
  5172 | D:6      | 5172 ||| DROPPING -1 hand axe of flaming.
  5186 | D:6      | 5186 ||| Stepping ~*~*~tactically~*~*~ (hiding).
  5226 | D:6      | 5226 ||| Stepping ~*~*~tactically~*~*~ (hiding).
  5232 | D:6      | 5232 ||| INVOKING Fiery Armour.
  5245 | D:6      | Reached skill level 8 in Axes
  5247 | D:6      | Reached XP level 9. HP: 42/54 MP: 10/10
  5299 | D:6      | Found Suek's Book Shoppe.
  5496 | D:6      | Found Tumiyt's Weapon Emporium.
  5503 | D:6      | 5503 ||| BUYING +0 broad axe (48 gold).
  5503 | D:6      | Bought a +0 broad axe for 48 gold pieces
  5503 | D:6      | 5503 ||| SWAPPING to +0 broad axe.
  5703 | D:6      | Found Mycipnymedd's Magic Scroll Emporium.
  5706 | D:6      | 5706 ||| SHOPLISTING scroll of acquirement (520 gold, have
                  | 210).
  5706 | D:6      | 5706 ||| BUYING scroll of identify (20 gold).
  5706 | D:6      | Bought a scroll of identify for 20 gold pieces
  5706 | D:6      | 5706 ||| BUYING scroll of identify (20 gold).
  5706 | D:6      | Bought a scroll of identify for 20 gold pieces
  5706 | D:6      | 5706 ||| BUYING scroll of identify (20 gold).
  5706 | D:6      | Bought a scroll of identify for 20 gold pieces
  5706 | D:6      | 5706 ||| BUYING scroll of teleportation (30 gold).
  5706 | D:6      | Bought a scroll of teleportation for 30 gold pieces
  5706 | D:6      | 5706 ||| BUYING scroll of teleportation (30 gold).
  5706 | D:6      | Bought a scroll of teleportation for 30 gold pieces
  5746 | D:6      | Reached skill level 6 in Fighting
  5870 | D:6      | 5870 ||| READING 4 scrolls of identify.
  5870 | D:6      | 5870 ||| IDENTIFYING bubbling cyan potion
  5893 | D:7      | 5893 ||| PLANNING OSSUARY
  5898 | D:7      | 5898 ||| INVOKING Fiery Armour.
  5953 | D:7      | 5953 ||| Stepping ~*~*~tactically~*~*~ (stealth).
  5961 | D:7      | Reached skill level 9 in Axes
  5974 | D:7      | 5974 ||| Stepping ~*~*~tactically~*~*~ (stealth).
  5975 | D:7      | 5975 ||| Stepping ~*~*~tactically~*~*~ (stealth).
  5976 | D:7      | 5976 ||| Stepping ~*~*~tactically~*~*~ (stealth).
  6071 | D:7      | 6071 ||| Stepping ~*~*~tactically~*~*~ (stealth).
  6085 | D:7      | Reached skill level 6 in Armour
  6102 | D:7      | 6102 ||| Stepping ~*~*~tactically~*~*~ (stealth).
  6105 | D:7      | 6105 ||| Stepping ~*~*~tactically~*~*~ (stealth).
  6106 | D:7      | 6106 ||| Stepping ~*~*~tactically~*~*~ (stealth).
  6207 | D:7      | Found a staircase to the Ecumenical Temple.
  6344 | D:7      | Found a snail-covered altar of Cheibriados.
  6447 | D:7      | Found a sand-covered staircase.
  6456 | D:7      | 6456 ||| READING 4 scrolls of identify.
  6456 | D:7      | 6456 ||| IDENTIFYING puce potion
  6460 | Ossuary  | Entered an ossuary
  6475 | Ossuary  | 6475 ||| INVOKING Fiery Armour.
  6488 | Ossuary  | 6488 ||| Stepping ~*~*~tactically~*~*~ (stealth).
  6489 | Ossuary  | 6489 ||| Stepping ~*~*~tactically~*~*~ (stealth).
  6492 | Ossuary  | 6492 ||| Stepping ~*~*~tactically~*~*~ (stealth).
  6499 | Ossuary  | 6499 ||| Stepping ~*~*~tactically~*~*~ (stealth).
  6500 | Ossuary  | 6500 ||| Stepping ~*~*~tactically~*~*~ (stealth).
  6501 | Ossuary  | 6501 ||| Stepping ~*~*~tactically~*~*~ (stealth).
  6502 | Ossuary  | 6502 ||| Stepping ~*~*~tactically~*~*~ (stealth).
  6547 | Ossuary  | 6547 ||| Stepping ~*~*~tactically~*~*~ (stealth).
  6568 | Ossuary  | Reached XP level 10. HP: 63/63 MP: 11/11
  6572 | Ossuary  | 6572 ||| Stepping ~*~*~tactically~*~*~ (stealth).
  6573 | Ossuary  | 6573 ||| Stepping ~*~*~tactically~*~*~ (stealth).
  6576 | Ossuary  | 6576 ||| Stepping ~*~*~tactically~*~*~ (stealth).
  6606 | Ossuary  | Reached skill level 10 in Axes
  6763 | Ossuary  | 6763 ||| INVOKING Fiery Armour.
  6810 | Ossuary  | 6810 ||| DROPPING amulet of magic regeneration.
  6811 | Ossuary  | 6811 ||| READING 2 scrolls labelled YBLUECVATUX.
  6812 | Ossuary  | 6812 ||| READING scroll labelled IPICZE WAFE.
  6813 | Ossuary  | 6813 ||| DRINKING 2 purple potions.
  6814 | Ossuary  | 6814 ||| DRINKING 2 fuming puce potions.
  6919 | Ossuary  | 6919 ||| DROPPING potion of brilliance.
  6920 | Ossuary  | 6920 ||| DROPPING scroll of blinking.
  6921 | Ossuary  | 6921 ||| DROPPING potion of berserk rage.
  6941 | D:7      | 6941 ||| PLANNING D:1-11
  6984 | D:8      | 6984 ||| Stepping ~*~*~tactically~*~*~ (hiding).
  7388 | D:8      | Noticed a kobold demonologist
  7388 | D:8      | 7388 ||| Stepping ~*~*~tactically~*~*~ (hiding).
  7391 | D:8      | 7391 ||| Stepping ~*~*~tactically~*~*~ (hiding).
  7405 | D:8      | 7405 ||| INVOKING Fiery Armour.
  7410 | D:8      | Killed a kobold demonologist
  7530 | D:8      | 7530 ||| Stepping ~*~*~tactically~*~*~ (stealth).
  7889 | D:8      | Found a staircase to the Lair.
  7928 | D:8      | Reached skill level 11 in Axes
  8025 | D:8      | 8025 ||| PLANNING TEMPLE
  8025 | D:8      | 8025 ||| UPGRADING to amulet of reflection.
  8035 | D:8      | 8035 ||| DROPPING amulet of regeneration.
  8036 | D:8      | 8036 ||| READING 3 scrolls of identify.
  8036 | D:8      | 8036 ||| IDENTIFYING white potion
  8037 | D:8      | 8037 ||| DROPPING potion of magic.
  8129 | Temple   | Entered the Ecumenical Temple
  8180 | Temple   | 8180 ||| PLANNING OKAWARU WORSHIP
  8216 | Temple   | Fell from the grace of Ignis
  8216 | Temple   | Became a worshipper of Warmaster Okawaru
  8216 | Temple   | 8216 ||| PLANNING LAIR
  8277 | Lair:1   | Entered Level 1 of the Lair of Beasts
  8284 | Lair:1   | Reached skill level 1 in Dodging
  8539 | Lair:1   | Reached * piety under Okawaru
  8540 | Lair:1   | Reached XP level 11. HP: 69/69 MP: 12/12
  8545 | Lair:1   | Reached skill level 1 in Invocations
  8622 | Lair:1   | 8622 ||| INVOKING Heroism.
  8678 | Lair:1   | 8678 ||| INVOKING Heroism.
  8721 | Lair:1   | 8721 ||| Stepping ~*~*~tactically~*~*~ (stealth).
  8722 | Lair:1   | 8722 ||| Stepping ~*~*~tactically~*~*~ (stealth).
  8723 | Lair:1   | 8723 ||| INVOKING Heroism.
  8730 | Lair:1   | Reached skill level 9 in Fighting
  8730 | Lair:1   | Reached skill level 3 in Invocations
  8742 | Lair:1   | 8742 ||| INVOKING Heroism.
  8762 | Lair:1   | 8762 ||| INVOKING Heroism.
  8800 | Lair:1   | Noticed a six-headed hydra
  8801 | Lair:1   | 8801 ||| INVOKING Heroism.
  8806 | Lair:1   | 8806 ||| SWAPPING to +0 war axe of flaming.
  8814 | Lair:1   | HP: 16/71 [two-headed hydra (11)]
  8815 | Lair:1   | 8815 ||| READING 5 scrolls of teleportation.
  8816 | Lair:1   | 8816 ||| DRINKING 4 potions of heal wounds.
  8817 | Lair:1   | 8817 ||| INVOKING Heroism.
  8819 | Lair:1   | Killed a one-headed hydra
  8820 | Lair:1   | 8820 ||| SWAPPING to +0 broad axe.
  8832 | Lair:1   | 8832 ||| INVOKING Heroism.
  9030 | Lair:1   | 9030 ||| INVOKING Heroism.
  9098 | Lair:1   | 9098 ||| INVOKING Heroism.
  9277 | Lair:1   | 9277 ||| INVOKING Heroism.
  9299 | Lair:1   | Reached ** piety under Okawaru
  9337 | Lair:1   | Reached skill level 12 in Axes
  9574 | Lair:1   | 9574 ||| READING scroll labelled ACRAWO PYIKH.
  9682 | Lair:2   | Noticed Urug
  9683 | Lair:2   | 9683 ||| INVOKING Heroism.
  9692 | Lair:2   | Noticed a five-headed hydra
  9694 | Lair:2   | HP: 17/71 [cane toad (10)]
  9695 | Lair:2   | 9695 ||| READING 4 scrolls of teleportation.
  9697 | Lair:2   | Reached skill level 6 in Shields
  9697 | Lair:2   | 9697 ||| DRINKING 3 potions of heal wounds.
  9698 | Lair:2   | 9698 ||| DRINKING 2 potions of heal wounds.
  9887 | Lair:2   | 9887 ||| INVOKING Heroism.
  9891 | Lair:2   | Reached skill level 9 in Armour
 10005 | Lair:2   | 10005 ||| Stepping ~*~*~tactically~*~*~ (stealth).
 10007 | Lair:2   | 10007 ||| Stepping ~*~*~tactically~*~*~ (stealth).
 10019 | Lair:2   | 10019 ||| INVOKING Heroism.
 10038 | Lair:2   | Reached XP level 12. HP: 62/77 MP: 15/15
 10045 | Lair:2   | Reached *** piety under Okawaru
 10045 | Lair:2   | HP: 17/77 [yak (8)]
 10046 | Lair:2   | 10046 ||| READING 3 scrolls of teleportation.
 10046 | Lair:2   | HP: 2/77 [Urug/+2 demon trident of draining (15)]
 10046 | Lair:2   | Mangled by a yak

Levels and vault maps discovered:
D:1:      wander_arrival_chamber, layout_loops_ring, minmay_split_cup_small
D:2:      layout_loops_ring, basic_altar,
          shapermc_ecumenical_altar_mp_highgroup, serial_shops, shop,
          palyth_stone_intersect, uniq_natasha
D:3:      layout_loops_corners, mainiacjoe_overflow_brackets,
          mainiacjoe_overflow_alcove_4, minmay_stone_trees_medium
D:4:      layout_rooms, mainiacjoe_overflow_large_starburst, serial_bayou,
          serial_bayou_pond_d, serial_bayou_lagoon_a, serial_bayou_pond_a,
          serial_bayou_shore_b, nrook_mini_backslash, uniq_eustachio,
          uniq_blork_the_orc
D:5:      layout_cave_pools, vehumet_statue, hangedman_decor_slide_cut
D:6:      layout_basic, serial_shops, nicolae_shop_rolled_up,
          nicolae_shop_mannequins, shop, shop
D:7:      layout_rooms, chei_slow_surprise, temple_green,
          nicolae_ossuary_entry_catacombs, minmay_statues_item
D:8:      layout_loops_corners, lair_entry_dummy, special_room
          [special_room_kobold]
Temple:   nicolae_temple_great_sept
Lair:1:   layout_hall_layers
Lair:2:   layout_big_grid, swamp_mist, st_stairs_13, beast_lair_carwin_10,
          uniq_gastronok, uniq_urug

Skill      XL: |  1  2  3  4  5  6  7  8  9 10 11 12 |
---------------+-------------------------------------+-----
Axes           | 3 4 5 6 8 9 11 12 | 12.1
Armour         | 1 2 3 4 5 6 8 9 |  9.0
Shields        | 2 3 4 5 6 |  6.1
Fighting       | 4 5 7 8 9 10 | 10.0
Throwing       | 1 |  1.6
Dodging        | 1 |  1.2
Invocations    | 4 |  4.5
Spellcasting   | |  1.0
Fire Magic     | |  3.0

Action                     |  1- 3 |  4- 6 |  7- 9 | 10-12 || total
---------------------------+-------+-------+-------+-------++-------
  Melee: Hand axe          |    54 |   311 |   283 |       ||   648
         War axe           |       |       |    28 |    10 ||    38
         Broad axe         |       |       |   184 |   485 ||   669
  Throw: Boomerang         |       |     6 |    73 |    84 ||   163
 Invoke: Fiery Armour      |     1 |     3 |     6 |     2 ||    12
         Heroism           |       |       |       |    14 ||    14
    Use: Scroll            |     2 |     4 |     8 |     7 ||    21
         Potion            |     1 |     3 |     2 |     5 ||    11
 Armour: Robe              |     7 |       |       |       ||     7
         Plate armour      |    15 |    95 |   424 |   418 ||   952
  Dodge: Dodged            |    21 |    15 |   115 |   134 ||   285
  Block: Buckler           |     1 |    13 |    73 |   199 ||   286

Table legend:
 A = Non-vault XP
 B = Vault XP
 C = Vault XP percentage of total XP
 D = Non-vault monster count
 E = Vault monster count
 F = Vault count percentage of total count
                 A         B        C        D         E       F
            +---------+---------+-------+---------+---------+-------
      Total |   14426 |    4765 |  24.8 |     196 |      74 |  27.4
            +---------+---------+-------+---------+---------+-------
        D:1 |      24 |       6 |  20.0 |      13 |       3 |  18.8
        D:2 |     104 |      36 |  25.7 |      12 |       1 |   7.7
        D:3 |     188 |     191 |  50.4 |      13 |       1 |   7.1
        D:4 |     513 |      99 |  16.2 |      24 |       1 |   4.0
        D:5 |     755 |      32 |   4.1 |      24 |       1 |   4.0
        D:6 |     690 |       0 |   0.0 |      19 |       0 |   0.0
        D:7 |    1435 |     157 |   9.9 |      27 |       6 |  18.2
        D:8 |     820 |    1853 |  69.3 |      23 |      22 |  48.9
     Lair:1 |    6378 |       0 |   0.0 |      24 |       0 |   0.0
     Lair:2 |    3519 |    1046 |  22.9 |      17 |       6 |  26.1
    Ossuary |       0 |    1345 | 100.0 |       0 |      33 | 100.0
            +---------+---------+-------+---------+---------+-------
